 Dungeon Crawl Stone Soup version 0.29-a0-80-g3050e97935 (webtiles) character file.

Game seed: 16287287893877101423

53 Bosse the Skirmisher (level 3, -1/30 HPs)
             Began as a Demonspawn Abyssal Knight on Feb 4, 2022.
             Was a Follower of Lugonu.
             Killed from afar by a white imp (4 damage)
             ... with a puff of frost
             ... summoned by Natasha
             ... on level 2 of the Dungeon.
             The game lasted 00:02:38 (1806 turns).

Bosse the Skirmisher (Demonspawn Abyssal Knight)    Turns: 1806, Time: 00:02:39

Health: -1/30      AC:  5    Str: 15    XL:     3   Next: 64%
Magic:  4/4        EV: 11    Int: 11    God:    Lugonu [*.....]
Gold:   69         SH:  0    Dex: 13    Spells: 2/2 levels left

rFire   . . .      SeeInvis .   a - +1 hand axe
rCold   . . .      Faith    .   (no shield)
rNeg    . . .      Spirit   .   b - +0 leather armour
rPois   .          Reflect  .   (no helmet)
rElec   .          Harm     .   (no cloak)
rCorr   .          Rampage  .   g - +1 pair of gloves
Will    .....                   (no boots)
Stlth   +.........              (no amulet)
HPRegen 0.10/turn               (no ring)
MPRegen 0.09/turn               (no ring)

@: slowed, very slow
A: demonic magic 1
a: Renounce Religion, Depart the Abyss


You were on level 2 of the Dungeon.
You worshipped Lugonu.
Lugonu was aware of your devotion.
You visited 1 branch of the dungeon, and saw 2 of its levels.
You visited the Abyss 1 time.

You collected 69 gold pieces.

Inventory:

Hand Weapons
 a - a +1 hand axe (weapon)
Armour
 b - a +0 leather armour (worn)
 d - a +0 pair of gloves
 g - a +1 pair of gloves (worn)
Scrolls
 c - 3 scrolls of identify {unknown}
 f - a scroll of noise {unknown}
 j - a scroll of vulnerability {unknown}
Potions
 e - a potion of flight {unknown}
 h - a potion of attraction {unknown}
 i - a potion of heal wounds {unknown}


   Skills:
 + Level 3.9 Fighting
 + Level 2.4 Axes
 + Level 2.1 Armour
 + Level 1.0 Dodging
 + Level 2.6 Invocations


You had 2 spell levels left.
You didn't know any spells.
Your spell library was empty.

Dungeon Overview and Level Annotations

Branches:
Dungeon (2/15)

Altars:

Annotations:
D:2 Natasha


Innate Abilities, Weirdness & Mutations

Spells you cast may paralyse adjacent enemies.


Message History

Natasha claws you but does no damage.
You hit Natasha.
Natasha is heavily wounded.
You closely miss the white imp. The white imp barely misses you.
Natasha extends her claws.
Natasha mumbles some strange words.
You closely miss Natasha.
Natasha is heavily wounded.
You barely miss the white imp. The white imp hits you.
The white imp freezes you. Natasha barely misses you.
You are too injured to fight recklessly!
You are too injured to fight recklessly!
You are too injured to fight recklessly!
You are too injured to fight recklessly!
You are too injured to fight recklessly!
You hit Natasha.
Natasha is heavily wounded.
You closely miss the white imp. The white imp closely misses you.
Natasha claws you.
* * * LOW HITPOINT WARNING * * *
The white imp hits you but does no damage.
You hit Natasha.
Natasha is almost dead.
You hit the white imp.
Natasha mumbles some strange words.
The white imp hits you.
* * * LOW HITPOINT WARNING * * *
The white imp freezes you.
* * * LOW HITPOINT WARNING * * *
Natasha casts a spell at you.
You feel yourself slow down.
You barely miss Natasha.
Natasha is almost dead.
You hit the white imp but do no damage.
The white imp disappears in a puff of smoke!
Natasha stares at you and mumbles some strange words.
You feel as though you will be slow longer.
The white imp gestures at you. The puff of frost hits you.
You die...

......†)..........##.##.......##
......⌠...........##.##.#####.##
..................##... #.##
##8##...##8###8##.#### #†## ##
#...#########.# .# #.##
#8...8#.>..###.####..# #...
##...##............... ..##
#...##...5##......... #.##
#....h@..####..# #.# #....5#..#
.# #.# #........# ..........<.
#.........### ##.........
######..### #..#


You could see Natasha, a crimson imp (summoned, wandering) and a white imp
(summoned).

Vanquished Creatures
  An adder (D:2)
  A worm (D:2)
  A dart slug (D:1)
  3 endoplasms
  7 goblins
  2 hobgoblins (D:1)
  3 kobolds
  A quokka (D:1)
  5 ball pythons (D:1)
  8 bats
  A frilled lizard (D:1)
  4 rats
37 creatures vanquished.

Notes
Turn   | Place    | Note
-------+----------+-------------------------------------------
     0 | Abyss:1  | Bosse the Demonspawn Abyssal Knight began the quest for the
                  | Orb.
     0 | Abyss:1  | Reached XP level 1. HP: 18/18 MP: 2/2
     1 | D:1      | Escaped the Abyss
   355 | D:1      | Gained mutation: Spells you cast may paralyse adjacent
                  | enemies. [demonic ancestry]
   355 | D:1      | Reached XP level 2. HP: 24/24 MP: 3/3
   401 | D:1      | Reached * piety under Lugonu
  1167 | D:1      | Reached XP level 3. HP: 30/30 MP: 4/4
  1179 | D:1      | Found a faded altar of an unknown god.
  1572 | D:2      | Reached skill level 1 in Dodging
  1794 | D:2      | Noticed Natasha
  1806 | D:2      | Killed from afar by a white imp

Illustrated notes

Levels and vault maps discovered:
D:1:      lemuel_arrival_cross, layout_loops_ring,
          hellmonk_ecumenical_altar_inner_sanctum, st_stairs_14,
          grunt_decor_junction, chequers_arboretum
D:2:      layout_loops_ring, corexii_hall_statues_x, corexii_corridor_pit,
          minmay_misc_feat_cross, st_stairs_10, uniq_natasha, uniq_jessica

Skill      XL: |  1  2  3 |
---------------+----------+-----
Axes           | 2 |  2.4
Armour         | 2 |  2.1
Dodging        | 1 |  1.0
Fighting       | |  3.9
Invocations    | |  2.6

Action                   || total
-------------------------++-------
Melee: Hand axe          ||   133
       Punch             ||     3
Invok: Depart the Abyss  ||     1
 Stab: Sleeping          ||     1
Armor: Leather armour    ||    65
Dodge: Dodged            ||   100

Table legend: (Time is in decaauts)
 A = Elapsed time spent in this place.
 B = Non-inter-level travel time spent in this place.
 C = Inter-level travel time spent in this place.
 D = Time resting spent in this place.
 E = Time spent auto-exploring this place.
 F = Levels seen in this place.
 G = Mean time per level.
                   A        B        C        D        E       F      G
               +--------+--------+--------+--------+--------+-----+--------+
         Total |   1831 |   1815 |     16 |      0 |   1505 |   3 |  610.3 |
       Dungeon |   1830 |   1814 |     16 |      0 |   1505 |   2 |  915.0 |
         Abyss |      1 |      1 |      0 |      0 |      0 |   1 |    1.0 |
               +--------+--------+--------+--------+--------+-----+--------+

Top non-repeatable levels by time:
     D:1: 1425 daAuts
     D:2: 405 daAuts
 Abyss:1: 1 daAuts
